 Dungeon Crawl Stone Soup version 0.23-a0-554-gd3cbc84 (webtiles) character file.

4196 Lavandula the Slicer (level 10, -9/54 HPs)
             Began as a Halfling Enchanter on Dec 10, 2018.
             Was a Believer of Hepliaklqana.
             Killed from afar by a gargoyle (12 damage)
             ... with a stone arrow
             ... on level 9 of the Dungeon.
             The game lasted 00:29:12 (6564 turns).

Lavandula the Slicer (Halfling Enchanter)           Turns: 6564, Time: 00:29:13

Health: -9/54      AC:  8    Str:  9    XL:     10   Next: 54%
Magic:  1/17       EV: 15    Int: 16    God:    Hepliaklqana [**....]
Gold:   130        SH:  0    Dex: 16    Spells: 1/19 levels left

rFire    + . .     SeeInvis .   B - +2 short sword (venom)
rCold    . . .     Gourm    .   (shield restricted)
rNeg     . . .     Faith    +   s - +2 leather armour {rF+}
rPois    .         Spirit   .   a - +0 helmet
rElec    .         Reflect  .   H - +1 cloak
rCorr    .         Harm     .   (no gloves)
MR       .....                  (no boots)
Stlth    +++.......             x - amulet of faith
HPRegen  0.18/turn              y - ring of stealth
MPRegen  0.15/turn              (no ring)

@: no status effects
A: small, reduced essence, mutation resistance 1
a: Recall Ancestor, Ancestor Identity, Renounce Religion


You were on level 9 of the Dungeon.
You worshipped Hepliaklqana.
Hepliaklqana was pleased with you.
You were not hungry.

You visited 2 branches of the dungeon, and saw 12 of its levels.

You collected 305 gold pieces.
You spent 175 gold pieces at shops.

Inventory:

Hand Weapons
 b - the +3 falchion of the Forest {slice, SInv}
   (You found it on level 7 of the Dungeon)

   It inflicts extra damage upon your enemies.
   It lets you see invisible.
 e - a +2 scimitar of holy wrath
 p - a +2 rapier of speed
 B - a +2 short sword of venom (weapon)
 E - a +1 hunting sling of freezing
Missiles
 g - 60 sling bullets
Armour
 a - a +0 helmet (worn)
 h - a +1 scale mail of cold resistance
 s - a +2 leather armour of fire resistance (worn)
 C - a +1 robe of magic resistance
 F - a +1 leather armour of cold resistance
 H - a +1 cloak (worn)
Jewellery
 o - an uncursed ring of ice
 x - an amulet of faith (around neck)
 y - a ring of stealth (left hand)
Wands
 n - a wand of polymorph (6)
 w - a wand of iceblast (6)
Scrolls
 c - a scroll of immolation
 f - 2 scrolls of amnesia
 i - a scroll of enchant armour
 j - a scroll of fear
 q - 2 scrolls of remove curse
 r - 5 scrolls of teleportation
 u - a scroll of silence {unknown}
 z - 4 scrolls of magic mapping {unknown}
 G - 2 scrolls of fog {unknown}
Potions
 k - a potion of heal wounds
 l - a potion of brilliance
 m - 2 potions of lignification
 t - a potion of haste
 v - a potion of cancellation
 A - 2 potions of flight
 D - a potion of mutation {unknown}
Miscellaneous
 I - a phantom mirror
Comestibles
 d - 9 rations
 J - 3 chunks of flesh


   Skills:
 - Level 2.1 Fighting
 - Level 8.1(8.7) Short Blades
 - Level 3.9(5.8) Long Blades
 - Level 3.1 Dodging
 - Level 3.2 Stealth
 - Level 5.0 Spellcasting
 - Level 3.9 Conjurations
 - Level 2.4 Hexes
 + Level 4.0 Summonings
 - Level 7.0 Air Magic


You had one spell level left.
You knew the following spells:

 Your Spells              Type           Power        Failure   Level  Hunger
a - Corona                Hex            ##.....      9%          1    None
b - Ensorcelled Hibernat  Hex/Ice        #.....       21%         2    #......
c - Confuse               Hex            ##......     24%         3    ###....
d - Call Imp              Summ           ###.....     6%          2    #......
e - Dazzling Spray        Conj/Hex       ##....       19%         3    ###....
f - Call Canine Familiar  Summ           ###.....     12%         3    ###....
g - Summon Lightning Spi  Summ/Air       ###.....     22%         4    ####...

Your spell library contained the following spells:

 Spells                   Type           Power        Failure   Level  Hunger
 Summon Small Mammal      Summ           ###.         4%          1    None
 Confusing Touch          Hex            ##....       9%          1    None
 Summon Guardian Golem    Hex/Summ       ##......     17%         3    ###....
 Tukima's Dance           Hex            ##......     24%         3    ###....
 Gell's Gravitas          Tloc           #.........   54%         3    ###....
 Summon Ice Beast         Ice/Summ       ##......     67%         4    ####...
 Petrify                  Tmut/Erth      #.......     91%         4    ####...
 Metabolic Englaciation   Hex/Ice        #.........   98%         5    ######.
 Yara's Violent Unravell  Hex/Tmut       #.........   98%         5    ######.


Dungeon Overview and Level Annotations

Branches:
Dungeon (11/15)            Temple (1/1) D:6
   Lair: D:8-11         Orc: D:9-12

Altars:
Ashenzari
Cheibriados
Dithmenos
Elyvilon
Fedhas
Gozag
Hepliaklqana
Kikubaaqudgha
Nemelex Xobeh
Okawaru
Qazlal
Ru
Sif Muna
Trog
Uskayaw
Vehumet
Wu Jian
Xom
Yredelemnul
The Shining One

Shops:
D:6 :   D:7 (

Annotations:
D:1 dig or fly vault - ice dragon armor
D:9 exclusion: downstairs
D:10 Sonja


Innate Abilities, Weirdness & Mutations

You are small and have problems with some larger weapons.
You are somewhat resistant to further mutation.
Your life essence is reduced to manifest your ancestor. (-10% HP)


Message History

Your hound barely misses the gargoyle.
Unknown command.
You hit the gargoyle.
The gargoyle is almost destroyed.
Your hound bites the gargoyle.
The gargoyle hits you with a +0 mace!!
* * * LOW HITPOINT WARNING * * *
Unknown command.
Your hound barely misses the gargoyle.
Your crimson imp barely misses the gargoyle.
The gargoyle hurls a stone arrow at you.
The stone arrow hits your hound.
Your hound dies!
Your hound's corpse disappears in a puff of smoke!
There is a stone staircase leading down, spattered with blood here.
Casting: Dazzling Spray (safe; 19% risk of failure)
Confirm with . or Enter, or press ? or * to list all spells.
Your crimson imp hits the gargoyle.
The gargoyle hurls a stone arrow at you.
The stone arrow hits you!
You die...

......#..#...#.....#
......#..##'##.....#
......#........#####
......#........#
......#........#######
......#.######.......#
####'##.#....#h......#
........#.(..#.......#
........#....'9ยง@....#
........#....#5......#
........######.......#
.....................#
.....................#
...........#######.###
...........# #.#
...........# #.#
........#### ###


You could see a gargoyle, a friendly hound and a friendly crimson imp.

Vanquished Creatures
  Pikel (D:6)
  Joseph (D:7)
  A hornet (D:8)
  A wyvern (D:10)
  A yak (D:7)
  Menkaure (D:5)
  Duvessa (D:6)
  A water moccasin (D:7)
  An orc warrior (D:6)
  A sky beast (D:9)
  2 slaves (D:7)
  An ogre (D:6)
  A crocodile (D:7)
  A bullfrog (D:7)
  Dowan (D:6)
  A scorpion (D:5)
  A howler monkey (D:9)
  2 crimson imps (D:6)
  A centaur zombie (D:6)
  A quasit (D:6)
  A hound (D:9)
  2 jellies
  An orc wizard (D:1)
  2 bullfrog skeletons
  5 iguanas
  4 worker ants
  Terence (D:2)
  A hound skeleton (D:6)
  2 worker ant zombies
  5 adders
  4 oozes
  An adder skeleton (D:9)
  5 worms
  A dart slug (D:1)
  2 leopard geckos (D:5)
  11 orcs
  6 bats
  6 giant cockroaches
  8 goblins
  3 hobgoblins
  7 jackals
  4 quokkas
  5 frilled lizards
  5 kobolds
  A quokka skeleton (D:8)
  4 rats
119 creatures vanquished.

Vanquished Creatures (collateral kills)
  A two-headed ogre (D:9)
  2 hippogriffs
  An orc warrior (D:9)
  2 ice beasts (D:9)
  A bullfrog (D:6)
  A howler monkey (D:9)
  A crimson imp (D:9)
  A hound (D:9)
  An orc wizard (D:6)
  Crazy Yiuf (D:7)
  A bullfrog skeleton (D:10)
  A worker ant (D:9)
  A shadow imp (D:10)
  A leopard gecko (D:9)
  2 orcs
  2 jackals
  A quokka (D:8)
21 creatures vanquished.

Vanquished Creatures (others)
  A slave (D:7)
  An ogre (D:7)
  2 battlemagi (D:9)
  6 ancestors
  A plant (D:10)
11 creatures vanquished.

Grand Total: 151 creatures vanquished

Notes
Turn   | Place    | Note
-------+----------+-------------------------------------------
     0 | D:1      | Lavandula the Halfling Enchanter began the quest for the
                  | Orb.
     0 | D:1      | Reached XP level 1. HP: 11/11 MP: 3/3
    46 | D:1      | Reached skill level 2 in Short Blades
    46 | D:1      | Reached XP level 2. HP: 17/17 MP: 2/4
    50 | D:1      | Learned a level 2 spell: Ensorcelled Hibernation
   157 | D:1      | Reached skill level 4 in Short Blades
   157 | D:1      | Reached XP level 3. HP: 21/21 MP: 0/5
   248 | D:1      | Reached XP level 4. HP: 11/27 MP: 6/6
   359 | D:1      | You fall through a shaft!
   548 | D:2      | Reached skill level 5 in Short Blades
   548 | D:2      | Reached XP level 5. HP: 31/31 MP: 4/7
   694 | D:2      | Noticed Terence
   896 | D:2      | Learned a level 3 spell: Confuse
   952 | D:2      | Killed Terence
  1193 | D:2      | Reached skill level 6 in Short Blades
  1938 | D:5      | Entered Level 5 of the Dungeon
  1945 | D:5      | Reached XP level 6. HP: 33/36 MP: 3/8
  1961 | D:5      | Learned a level 2 spell: Call Imp
  1970 | D:5      | Found a basalt altar of Yredelemnul.
  2012 | D:5      | Found a blossoming altar of Fedhas.
  2047 | D:5      | Reached skill level 7 in Short Blades
  2064 | D:5      | Reached skill level 1 in Fighting
  2417 | D:4      | Reached XP level 7. HP: 29/45 MP: 5/9
  2458 | D:5      | Noticed Menkaure
  2466 | D:5      | Killed Menkaure
  2466 | D:5      | Reached skill level 8 in Short Blades
  2763 | D:8      | Noticed a hornet
  2826 | D:7      | Noticed a hippogriff
  2959 | D:6      | Found a staircase to the Ecumenical Temple.
  2966 | Temple   | Entered the Ecumenical Temple
  3211 | Temple   | Became a worshipper of Hepliaklqana the Forgotten
  3244 | D:6      | Reached skill level 1 in Summonings
  3316 | D:6      | Reached XP level 8. HP: 45/45 MP: 4/10
  3394 | D:7      | Noticed Pikel
  3440 | D:6      | Killed Pikel
  3452 | D:6      | Learned a level 3 spell: Dazzling Spray
  3456 | D:6      | Learned a level 3 spell: Call Canine Familiar
  3489 | D:6      | Found Opho's Book Shoppe.
  3493 | D:6      | Reached skill level 1 in Conjurations
  3519 | D:6      | Reached XP level 9. HP: 30/48 MP: 0/15
  3634 | D:6      | Noticed Duvessa
  3692 | D:6      | Noticed Dowan
  3712 | D:6      | Killed Duvessa
  3723 | D:6      | Killed Dowan
  4027 | D:7      | Noticed Joseph
  4036 | D:7      | Killed Joseph
  4036 | D:7      | Reached skill level 5 in Spellcasting
  4048 | D:7      | Learned a level 4 spell: Summon Lightning Spire
  4088 | D:7      | Got a scorched falchion
  4089 | D:7      | Identified the +3 falchion of the Forest {slice, SInv} (You
                  | found it on level 7 of the Dungeon)
  4109 | D:7      | Found Woqetih's Antique Weapon Emporium.
  4128 | D:7      | Bought a glowing scimitar for 175 gold pieces
  4191 | D:7      | Reached skill level 1 in Air Magic
  4212 | D:7      | Killed a hippogriff
  4229 | D:7      | Found a shimmering altar of Xom.
  4345 | D:7      | Reached * piety under Hepliaklqana
  4372 | D:7      | Reached skill level 1 in Long Blades
  4501 | D:7      | Found a runed door.
  4505 | D:7      | Noticed Crazy Yiuf
  4528 | D:7      | Killed Crazy Yiuf
  4651 | D:8      | Paralysed by a hornet for 1 turns
  4782 | D:8      | Paralysed by a hornet for 3 turns
  4782 | D:8      | HP: 2/48 [hornet (12)]
  4783 | D:8      | Killed a hornet
  4783 | D:8      | Reached XP level 10. HP: 2/54 MP: 2/17
  5032 | D:8      | Found a shattered altar of Ashenzari.
  5033 | D:8      | Found a radiant altar of Vehumet.
  5121 | D:10     | Entered Level 10 of the Dungeon
  5174 | D:10     | Noticed Sonja
  5461 | D:9      | Reached ** piety under Hepliaklqana
  5462 | D:9      | Remembered your ancestor Tiberia as a battlemage
  5590 | D:10     | Noticed a gargoyle
  5649 | D:8      | Found a sacrificial altar of Ru.
  5736 | D:9      | Reached skill level 5 in Air Magic
  5817 | D:9      | Noticed a two-headed ogre
  5846 | D:9      | Killed a two-headed ogre
  5956 | D:9      | HP: 2/54 [poisoned by Sonja (curare-tipped needle)]
  5983 | D:9      | HP: 2/54 [poisoned by Sonja (curare-tipped needle)]
  5988 | D:9      | HP: 2/54 [poisoned by Sonja (curare-tipped needle)]
  6564 | D:9      | Killed from afar by a gargoyle

Vault maps used:
D:1:      erik_arrival_gehennom
D:2:      hangedman_abyss_or_decor_stabs, uniq_terence
D:3:      minmay_lizard_king
D:4:      first_ration
D:5:      lemuel_crystal_altar, kennysheep_mini, uniq_menkaure
D:6:      minmay_temple_entry_hall, serial_shops, nicolae_shop_stone,
          uniq_duvessa
D:7:      minmay_chambers_of_fours, kennysheep_little_box, serial_shops,
          nicolae_shop_trees, uniq_joseph, uniq_pikel, uniq_crazy_yiuf_cottage
D:8:      grunt_temple_overflow_order_and_chaos_2,
          nicolae_overflow_hidden_temple, ebering_ghost_reflecting_pool
D:10:     erik_lair_dragon, gammafunk_ghost_grave, grunt_ogre_cave,
          worms_lemuel, uniq_gastronok, uniq_sonja, uniq_erica
Temple:   minmay_temple_curvy_branch

Skill      XL: |  1  2  3  4  5  6  7  8  9 10 |
---------------+-------------------------------+-----
Short Blades   | 2 4 5 6 7 8 |  8.1
Fighting       | 2 |  2.1
Dodging        | 3 |  3.1
Summonings     | 2 3 4 |  4.0
Spellcasting   | 4 5 |  5.0
Conjurations   | 2 3 |  3.9
Air Magic      | 2 7 |  7.0
Long Blades    | 3 |  3.9
Stealth        | |  3.2
Hexes          | |  2.4

Action                   |  1- 3 |  4- 6 |  7- 9 | 10-12 || total
-------------------------+-------+-------+-------+-------++-------
Melee: Dagger            |    32 |   153 |       |       ||   185
       Rapier            |       |    28 |   177 |       ||   205
       Short sword       |       |       |    12 |    35 ||    47
       Scimitar          |       |       |     3 |       ||     3
 Cast: Corona            |     3 |     2 |       |       ||     5
       Ensorcelled Hiber |     2 |    26 |    22 |     4 ||    54
       Confuse           |       |     2 |     2 |       ||     4
       Call Imp          |       |       |    17 |    10 ||    27
       Call Canine Famil |       |       |     9 |    11 ||    20
       Dazzling Spray    |       |       |     9 |     5 ||    14
       Summon Lightning  |       |       |       |     1 ||     1
Invok: Recall Ancestor   |       |       |       |     2 ||     2
       Ancestor Life: Ba |       |       |       |     1 ||     1
Evoke: Wand              |       |       |     6 |       ||     6
  Use: Scroll            |       |     7 |     6 |     2 ||    15
       Potion            |       |       |     3 |     3 ||     6
 Stab: Sleeping          |     4 |    25 |    18 |     1 ||    48
       Confused          |       |     2 |     1 |       ||     3
       Distracted        |       |       |     2 |     3 ||     5
  Eat: Chunk             |       |     7 |    11 |     5 ||    23
       Ration            |       |       |       |     1 ||     1
Armor: Robe              |     1 |    16 |     1 |       ||    18
       Leather armour    |       |       |    24 |    19 ||    43
Dodge: Dodged            |    13 |   109 |    93 |    36 ||   251
       Rpst.: Long sword |       |     3 |       |       ||     3
       Scimitar          |       |       |     2 |       ||     2

Table legend:
 A = Non-vault XP
 B = Vault XP
 C = Vault XP percentage of total XP
 D = Non-vault monster count
 E = Vault monster count
 F = Vault count percentage of total count
                 A         B        C        D         E       F
            +---------+---------+-------+---------+---------+-------
      Total |    4151 |    1844 |  30.8 |     122 |      17 |  12.2
            +---------+---------+-------+---------+---------+-------
        D:1 |      69 |      18 |  20.7 |      14 |       5 |  26.3
        D:2 |      95 |      36 |  27.5 |      25 |       1 |   3.8
        D:3 |      35 |       0 |   0.0 |      10 |       0 |   0.0
        D:4 |      93 |       0 |   0.0 |       6 |       0 |   0.0
        D:5 |     176 |     165 |  48.4 |       8 |       1 |  11.1
        D:6 |     756 |     796 |  51.3 |      20 |       3 |  13.0
        D:7 |     617 |     829 |  57.3 |      12 |       7 |  36.8
        D:8 |     300 |       0 |   0.0 |       4 |       0 |   0.0
        D:9 |    1747 |       0 |   0.0 |      18 |       0 |   0.0
       D:10 |     263 |       0 |   0.0 |       5 |       0 |   0.0
            +---------+---------+-------+---------+---------+-------
